 Dungeon Crawl Stone Soup version 0.20.0-8-g6b59dc7 (webtiles) character file.

241 kraftydee the Slasher (level 6, -8/48 HPs)
             Began as a Merfolk Abyssal Knight on May 30, 2017.
             Was a Believer of Lugonu.
             Killed by divine providence
             ... invoked by an orc priest
              (13 damage)
             ... on level 3 of the Dungeon.
             The game lasted 00:10:13 (3070 turns).

kraftydee the Slasher (Merfolk Abyssal Knight)      Turns: 3070, Time: 00:10:13

Health: -8/48      AC:  4    Str: 13    XL:     6   Next: 8%
Magic:  7/7        EV: 13    Int: 12    God:    Lugonu [**....]
Gold:   140        SH:  0    Dex: 14    Spells: 5/5 levels left

rFire    . . .     SeeInvis .   a - +2 falchion
rCold    . . .     Gourm    .   (no shield)
rNeg     . . .     Faith    .   b - +0 leather armour
rPois    .         Spirit   .   (no helmet)
rElec    .         Reflect  .   (no cloak)
rCorr    .         Harm     .   (no gloves)
MR       .....                  i - +0 pair of boots
Stlth    ++........             (no amulet)
Regen    0.2/turn               (no ring)
MPRegen  0.1/turn               (no ring)

@: no status effects
A: change form in water, swift swim, stealthy swim
a: Depart the Abyss, Bend Space, Renounce Religion


You were on level 3 of the Dungeon.
You worshipped Lugonu.
Lugonu was pleased with you.
You were not hungry.

You visited 1 branch of the dungeon, and saw 3 of its levels.
You visited the Abyss 1 time.

You collected 140 gold pieces.

Inventory:

Hand Weapons
 a - a +2 falchion (weapon)
Armour
 b - a +0 leather armour (worn)
 i - a +0 pair of boots (worn)
Jewellery
 e - a +2 ring of slaying
 m - a cursed amulet of guardian spirit
Wands
 g - a wand of acid (15/15)
Scrolls
 f - a scroll of remove curse
Potions
 d - a potion of agility {unknown}
 h - a potion of lignification {unknown}
 j - a potion of flight {unknown}
 k - 2 potions of degeneration {unknown}
 l - a potion of berserk rage {unknown}
 o - a potion of heal wounds {unknown}
 p - a potion of magic {unknown}
 q - a potion of brilliance
 s - a potion of curing {unknown}
Comestibles
 c - 2 bread rations
 n - a meat ration
 r - a royal jelly
 t - 2 fruits


   Skills:
 + Level 4.1 Fighting
 + Level 4.5 Long Blades
 + Level 1.6 Armour
 + Level 4.0 Dodging
 + Level 1.9 Stealth
 + Level 2.3 Invocations


You had 5 spell levels left.
You didn't know any spells.

Dungeon Overview and Level Annotations

Branches:
Dungeon (3/15)

Altars:
Ashenzari
Fedhas
Kikubaaqudgha
Okawaru
Qazlal
Ru
Vehumet
The Shining One


Message History

You hit the orc priest.
The orc priest is heavily wounded.
The orc priest mumbles some strange prayers to Beogh against you.
You barely resist.
You hit the orc priest but do no damage.
The orc priest is heavily wounded.
The orc priest barely misses you.
You hit the orc priest.
The orc priest is heavily wounded.
The orc priest mumbles some strange prayers to Beogh against you.
You barely resist. You completely miss the orc priest.
The orc priest is heavily wounded.
The orc priest hits you with a club.
* * * LOW HITPOINT WARNING * * *
You hit the orc priest but do no damage.
The orc priest is heavily wounded.
The orc priest mumbles some strange prayers to Beogh against you.
Beogh smites you!
You die...

#.# ###.# .# #...# ## #.# #.###
#. ... #.######### #. #.#
#.#...[..[. #. #.# #.#.####### #.
##.###########.#.#
#.##...#oo@....##.#.#######
#.).....<#####.)..........# ##
####((.(.########......##.# ..
### ##.#..##.........##.##.#
#.####.####.#..##.######..##.##.#
.........[..#..##.# #..##.##.#
#..#<..#.####..##.# #..##.##.#
#...)รท##.##.......# #.........
#....##...###..#### #.###.##.#


You could see an orc priest and an orc.

Vanquished Creatures
  An orc priest (D:3)
  2 orc wizards (D:3)
  Jessica (D:2)
  Robin (D:2)
  3 adders
  2 worms (D:3)
  4 dart slugs
  A leopard gecko (D:3)
  6 orcs (D:3)
  2 giant cockroaches
  13 hobgoblins
  4 jackals (D:3)
  4 kobolds
  A ball python (D:1)
  8 bats
  2 frilled lizards
  12 goblins
  7 rats
74 creatures vanquished.

Notes
Turn   | Place    | Note
-------+----------+-------------------------------------------
     0 | Abyss:1  | kraftydee the Merfolk Abyssal Knight began the quest for the Orb.
     0 | Abyss:1  | Reached XP level 1. HP: 18/18 MP: 2/2
   130 | Abyss:1  | Noticed a wretched star
   131 | D:1      | Escaped the Abyss
   307 | D:1      | Reached XP level 2. HP: 24/24 MP: 3/3
   416 | D:1      | Reached * piety under Lugonu
   888 | D:2      | Reached XP level 3. HP: 30/30 MP: 4/4
  1098 | D:2      | Found an iron altar of Okawaru.
  1098 | D:2      | Found a glowing golden altar of the Shining One.
  1177 | D:2      | Found a sacrificial altar of Ru.
  1178 | D:2      | Found a radiant altar of Vehumet.
  1183 | D:2      | Found a stormy altar of Qazlal.
  1219 | D:2      | Noticed Robin
  1241 | D:2      | Reached skill level 1 in Armour
  1302 | D:2      | Killed Robin
  1455 | D:2      | Noticed Jessica
  1469 | D:2      | Killed Jessica
  1469 | D:2      | Reached XP level 4. HP: 19/37 MP: 5/5
  1586 | D:2      | Reached skill level 1 in Stealth
  2019 | D:3      | Reached XP level 5. HP: 35/42 MP: 6/6
  2190 | D:3      | Reached ** piety under Lugonu
  2729 | D:3      | Found a shattered altar of Ashenzari.
  2933 | D:3      | Found a blossoming altar of Fedhas.
  2933 | D:3      | Found an ancient bone altar of Kikubaaqudgha.
  3052 | D:3      | Reached XP level 6. HP: 21/48 MP: 7/7
  3070 | D:3      | Killed from afar by an orc priest

Skill      XL: |  1  2  3  4  5 |
---------------+----------------+-----
Dodging        | 3 4 |  4.0
Armour         | 1 |  1.6
Fighting       | 4 |  4.1
Long Blades    | 3 4 |  4.5
Stealth        | 1 |  1.9
Invocations    | |  2.3

Action                   |  1- 3 |  4- 6 || total
-------------------------+-------+-------++-------
Melee: Falchion          |    84 |   125 ||   209
Invok: Depart the Abyss  |     1 |       ||     1
  Use: Scroll            |     3 |     5 ||     8
       Potion            |       |     1 ||     1
 Stab: Sleeping          |     1 |     1 ||     2
  Eat: Chunk             |     2 |     1 ||     3
       Bread ration      |       |     1 ||     1
Armor: Leather armour    |    14 |    26 ||    40
Dodge: Dodged            |    48 |   119 ||   167
       Rpst.: Falchion   |    10 |    36 ||    46
